 Dungeon Crawl Stone Soup version 0.19.5 (webtiles) character file.

108 greprep the Sneak (level 4, -12/21 HPs)
             Began as a Spriggan Enchanter on Apr 30, 2017.
             Was an Initiate of Makhleb.
             Engulfed by a cloud of flame (19 damage)
             ... on level 3 of the Dungeon.
             The game lasted 00:14:28 (3049 turns).

greprep the Sneak (Spriggan Enchanter)              Turns: 3049, Time: 00:14:29

Health: -12/21     AC:  3    Str:  5    XL:     4   Next: 58%
Magic:  8/9        EV: 18    Int: 16    God:    Makhleb [......]
Gold:   83         SH:  0    Dex: 16    Spells: 2 memorised, 6 levels left

rFire  . . .     SeeInvis +     j - +2 dagger (flame)
rCold  . . .     Gourm    .     b - +1 robe
rNeg   . . .     Faith    .     (shield restricted)
rPois  .         Spirit   .     (helmet restricted)
rElec  .         Reflect  .     (no cloak)
rCorr  .         Harm     .     (gloves unavailable)
MR     .....                    (boots unavailable)
Stlth  +++.......               (no amulet)
                                (no ring)
                                (no ring)

@: very quick
A: unfitting armour, see invisible, herbivore 3, speed 3, slow metabolism 2
a: Renounce Religion


You were on level 3 of the Dungeon.
You worshipped Makhleb.
Makhleb was noncommittal.
You were full.

You visited 1 branch of the dungeon, and saw 3 of its levels.

You collected 83 gold pieces.

Inventory:

Hand Weapons
 a - a +1 dagger
 j - a +2 dagger of flaming (weapon)
Armour
 b - a +1 robe (worn)
 p - a +0 shield
Scrolls
 f - a scroll of identify
 g - a scroll of fog
 l - a scroll of blinking {unknown}
Potions
 d - a potion of cancellation {unknown}
 e - a potion of magic {unknown}
 i - a potion of degeneration {unknown}
 k - 2 potions of agility {unknown}
 m - 4 potions of curing {unknown}
 n - a potion of haste {unknown}
 o - a potion of might {unknown}
Books
 c - a book of Maledictions

   Spells                             Type                      Level
   a - Corona                         Hexes                        1
   b - Ensorcelled Hibernation        Hexes/Ice                    2
   c - Confuse                        Hexes                        3
   d - Tukima's Dance                 Hexes                        3
   e - Dazzling Spray                 Conjuration/Hexes            3
Comestibles
 h - 2 slices of pizza


   Skills:
 * Level 2.4 Short Blades
 + Level 3.0 Dodging
 * Level 6.6 Stealth
 + Level 3.2 Spellcasting
 + Level 4.1 Hexes
 + Level 0.2 Ice Magic


You had 6 spell levels left.
You knew the following spells:

 Your Spells              Type           Power        Failure   Level  Hunger
a - Corona                Hex            ###....      4%          1    None
b - Ensorcelled Hibernat  Hex/Ice        #.....       12%         2    ##.....


Dungeon Overview and Level Annotations

Branches:
Dungeon (3/15)

Altars:
Kikubaaqudgha
Makhleb
Vehumet


Innate Abilities, Weirdness & Mutations

You are very small and have problems with some larger weapons.
You are too small for most types of armour.
You have supernaturally acute eyesight. (SInv)
You are a herbivore.
You cover ground extremely quickly.
You need consume almost no food.


Message History

Okay, then.
The bat moves out of view.
Really walk into that cloud of flame?
Okay, then.
The goblin shouts!
Really walk into that cloud of flame?
Okay, then.
Really walk into that cloud of flame?
Okay, then.
An orc and an orc wizard come into view.
The orc wizard is wielding a dagger of flaming.
You are engulfed in roaring flames.
Ouch! That really hurt!
The orc wizard shouts!
The orc wizard moves out of view.
You see here a shield.
p - a shield You are engulfed in roaring flames.
Ouch! That really hurt!
You die...

#.# .. #.# ## o# #.#
...# .# #.##
....#####.# #..#
.....#....## #..#
.......#...# #..#
.......g...# #..##
......g§@..# #..[#
......§§§.## #.#.# .
......§§).# #.#.# ..
....#.....# ##.#.#
.. ... ####.######
#..#.#### . # .
#.......###†.......
# .#.
#..#####............
###... #.#
#####........
..#.##.###. ##.
#........


You could see an orc (wandering), a hobgoblin and a goblin.

Vanquished Creatures
  A hound (D:2)
  Jessica (D:2)
  2 worms
  2 dart slugs (D:2)
  4 bats
  3 giant cockroaches
  2 goblins (D:1)
  4 hobgoblins
  6 jackals
  2 quokkas (D:2)
  2 frilled lizards (D:2)
  6 kobolds
  5 rats
40 creatures vanquished.

Vanquished Creatures (others)
  A hobgoblin (D:3)
1 creature vanquished.

Grand Total: 41 creatures vanquished

Notes
Turn   | Place    | Note
-------+----------+-------------------------------------------
     0 | D:1      | greprep the Spriggan Enchanter began the quest for the Orb.
     0 | D:1      | Reached XP level 1. HP: 9/9 MP: 5/5
   596 | D:1      | Reached XP level 2. HP: 13/13 MP: 6/6
   803 | D:2      | Learned a level 2 spell: Ensorcelled Hibernation
  1569 | D:2      | Noticed Jessica
  1576 | D:2      | Killed Jessica
  1576 | D:2      | Reached skill level 5 in Stealth
  1576 | D:2      | Reached XP level 3. HP: 16/16 MP: 2/8
  1798 | D:2      | Found an ancient bone altar of Kikubaaqudgha.
  1976 | D:2      | Reached skill level 6 in Stealth
  1976 | D:2      | Reached XP level 4. HP: 21/21 MP: 4/9
  2105 | D:2      | Found a burning altar of Makhleb.
  2113 | D:2      | Became a worshipper of Makhleb the Destroyer
  3038 | D:3      | Found a radiant altar of Vehumet.
  3049 | D:3      | Engulfed by a cloud of flame

Skill      XL: |  1  2  3 |
---------------+----------+-----
Hexes          | 4 |  4.1
Short Blades   | 2 |  2.4
Stealth        | 5 6 |  6.6
Spellcasting   | 3 |  3.2
Dodging        | |  3.0
Ice Magic      | |  0.2

Action                   |  1- 3 |  4- 6 || total
-------------------------+-------+-------++-------
Melee: Dagger            |    60 |    30 ||    90
 Cast: Ensorcelled Hiber |    14 |    20 ||    34
  Use: Scroll            |     1 |       ||     1
 Stab: Sleeping          |    19 |    12 ||    31
  Eat: Bread ration      |       |     1 ||     1
Armor: Robe              |    15 |     3 ||    18
Dodge: Dodged            |    73 |    31 ||   104
